 Dungeon Crawl Stone Soup version 0.24-a0-475-g5b41c6f (webtiles) character file.

Game seed: 1249375568963426410

65 Spazmo the Magician (level 3, -7/19 HPs)
             Began as a Deep Elf Fire Elementalist on July 5, 2019.
             Mangled by Sigmund
             ... wielding a +2 scythe of flaming
              (10 damage)
             ... on level 2 of the Dungeon.
             The game lasted 00:02:37 (982 turns).

Spazmo the Magician (Deep Elf Fire Elementalist)     Turns: 982, Time: 00:02:38

Health: -7/19      AC:  2    Str:  5    XL:     3   Next: 92%
Magic:  3/10       EV: 13    Int: 20    God:
Gold:   22         SH:  0    Dex: 15    Spells: 4/10 levels left

rFire    . . .     SeeInvis .   d - +0 short sword
rCold    . . .     Gourm    .   (no shield)
rNeg     . . .     Faith    .   a - +0 robe
rPois    .         Spirit   .   (no helmet)
rElec    .         Reflect  .   (no cloak)
rCorr    .         Harm     .   (no gloves)
MR       .....     Rnd*Tele +   (no boots)
Stlth    ++........             (no amulet)
HPRegen  0.06/turn              g - ring of teleportation (curse)
MPRegen  0.12/turn              (no ring)

@: very slightly contaminated
A: no striking features
a: no special abilities


You were on level 2 of the Dungeon.
You were not hungry.

You visited 1 branch of the dungeon, and saw 2 of its levels.

You collected 22 gold pieces.

Inventory:

Hand Weapons
 d - a +0 short sword (weapon)
Missiles
 b - 10 stones (quivered)
Armour
 a - a +0 robe (worn)
Jewellery
 g - a cursed ring of teleportation (left hand)
Potions
 e - a potion of curing {unknown}
Comestibles
 c - 2 rations


   Skills:
 - Level 2.4 Dodging
 - Level 2.4 Stealth
 + Level 4.1 Spellcasting
 + Level 2.5 Conjurations
 + Level 4.1 Fire Magic


You had 4 spell levels left.
You knew the following spells:

 Your Spells              Type           Power        Failure   Level  Hunger
a - Flame Tongue          Conj/Fire      ###..        3%          1    None
b - Throw Flame           Conj/Fire      ###...       4%          2    #......
c - Conjure Flame         Conj/Fire      ###.....     10%         3    ###....

Your spell library contained the following spells:

 Spells                   Type           Power        Failure   Level  Hunger
 Inner Flame              Hex/Fire       ##......     16%         3    ###....
 Sticky Flame             Conj/Fire      ###.....     32%         4    ####...
 Fireball                 Conj/Fire      ###.......   65%         5    ######.


Dungeon Overview and Level Annotations

Branches:
Dungeon (2/15)

Altars:

Annotations:
D:2 Robin, Sigmund


Message History

The goblin misses you. The goblin hits you.
* * * LOW HITPOINT WARNING * * *
Casting: Flame Tongue (safe; 3% risk of failure)
Confirm with . or Enter, or press ? or * to list all spells.
Aiming: Flame Tongue (safe; 3% risk of failure)
Press: ? - help, Shift-Dir - straight line, f/p - hobgoblin
Aim: a hobgoblin, wielding a +0 club (unusually strong)
The flame tongue hits the goblin.
You kill the goblin!
The hobgoblin misses you. The goblin closely misses you.
Casting: Flame Tongue (safe; 3% risk of failure)
Confirm with . or Enter, or press ? or * to list all spells.
Aiming: Flame Tongue (safe; 3% risk of failure)
Press: ? - help, Shift-Dir - straight line, f/p - hobgoblin
Aim: a hobgoblin, wielding a +0 club (unusually strong)
The flame tongue hits the hobgoblin!
You kill the hobgoblin!
Something hits you!
Ouch! That really hurt!
You die...

###### #.gg@#
#.g)g#
#######.{gg#
#........gg#
#..>)..........
#......%.....ggg
#.......########
#.......#
.....[...#


You could see Robin, 2 hobgoblins and 5 goblins.

Vanquished Creatures
  Jessica (D:2)
  3 oozes (D:1)
  A dart slug (D:1)
  4 bats (D:1)
  3 goblins
  4 hobgoblins
  5 kobolds (D:1)
  4 rats (D:1)
25 creatures vanquished.

Notes
Turn   | Place    | Note
-------+----------+-------------------------------------------
     0 | D:1      | Spazmo the Deep Elf Fire Elementalist began the quest for
                  | the Orb.
     0 | D:1      | Reached XP level 1. HP: 10/10 MP: 6/6
    61 | D:1      | Reached XP level 2. HP: 15/15 MP: 2/8
    65 | D:1      | Learned a level 2 spell: Throw Flame
   534 | D:1      | Reached XP level 3. HP: 19/19 MP: 5/10
   539 | D:1      | Learned a level 3 spell: Conjure Flame
   965 | D:2      | Noticed Jessica
   967 | D:2      | Killed Jessica
   970 | D:2      | Noticed Sigmund
   972 | D:2      | Noticed Robin
   982 | D:2      | Mangled by Sigmund

Levels and vault maps discovered:
D:1:      sevenhm_arrival_forest_fort_large_2, layout_basic,
          chequers_serial_rivers_micro_c
D:2:      layout_basic, first_ration, chequers_ecumenical_altar_simple_redux,
          uniq_sigmund, uniq_robin, uniq_jessica

Skill      XL: |  1  2  3 |
---------------+----------+-----
Conjurations   | 2 |  2.5
Spellcasting   | 4 |  4.1
Fire Magic     | 4 |  4.1
Dodging        | |  2.4
Stealth        | |  2.4

Action                   || total
-------------------------++-------
 Cast: Flame Tongue      ||    54
  Use: Scroll            ||     2
Armor: Robe              ||     4
Dodge: Dodged            ||    36

Table legend:
 A = Non-vault XP
 B = Vault XP
 C = Vault XP percentage of total XP
 D = Non-vault monster count
 E = Vault monster count
 F = Vault count percentage of total count
                 A         B        C        D         E       F
            +---------+---------+-------+---------+---------+-------
      Total |      52 |      41 |  44.1 |      22 |       3 |  12.0
            +---------+---------+-------+---------+---------+-------
        D:1 |      51 |       0 |   0.0 |      21 |       0 |   0.0
        D:2 |       1 |      41 |  97.6 |       1 |       3 |  75.0
            +---------+---------+-------+---------+---------+-------
